 Dungeon Crawl Stone Soup version 0.19-a0-1672-g679cadd (webtiles) character file.

596 Alarkh the Grave Robber (level 7, -4/46 HPs)
             Began as a Mummy Necromancer on Sept 22, 2016.
             Shot with an arrow by a centaur (14 damage)
             ... on level 4 of the Dungeon.
             The game lasted 00:06:56 (4246 turns).

Alarkh the Grave Robber (Mummy Necromancer)         Turns: 4246, Time: 00:06:56

Health: -4/46      AC:  2    Str: 11    XL:     7   Next: 17%
Magic:  13/15      EV: 12    Int: 17    God:
Gold:   181        SH:  0    Dex: 12    Spells: 3 memorised, 8 levels left

rFire  . . .     SeeInvis .     i - +2 dagger (speed)
rCold  + . .     Gourm    .     a - +0 robe
rNeg   + + +     Faith    .     (no shield)
rPois  ∞         Spirit   .     (no helmet)
rElec  .         Dismiss  .     (no cloak)
rCorr  .         Reflect  .     (no gloves)
MR     .....     Harm     .     (no boots)
Stlth  ++........               (no amulet)
                                (no ring)
                                m - ring of protection from fire

@: no status effects
A: no food or potions, fire vulnerability, cold resistance 1, negative energy
resistance 3, torment resistance, unbreathing
a: no special abilities


You were on level 4 of the Dungeon.
You were not hungry.

You visited 1 branch of the dungeon, and saw 4 of its levels.

You collected 181 gold pieces.

Inventory:

Hand Weapons
 h - a +0 spear
 i - a +2 dagger of speed (weapon)
Armour
 a - a +0 robe (worn)
Jewellery
 m - a ring of protection from fire (left hand)
Scrolls
 c - 3 scrolls of remove curse
 d - a scroll of teleportation
 e - a scroll of identify
 f - a scroll of enchant armour
 g - a scroll of fear {unknown}
 j - a scroll of blinking {unknown}
 k - a scroll of random uselessness {unknown}
Books
 b - a book of Necromancy

   Spells                             Type                      Level
   a - Pain                           Necromancy                   1
   b - Animate Skeleton               Necromancy                   1
   c - Vampiric Draining              Necromancy                   3
   d - Regeneration                   Charms/Necromancy            3
   e - Animate Dead                   Necromancy                   4
   f - Control Undead                 Necromancy                   4
 l - a book of Cantrips

   Spells                             Type                      Level
   a - Confusing Touch                Hexes                        1
   b - Animate Skeleton               Necromancy                   1
   c - Summon Small Mammal            Summoning                    1
   d - Apportation                    Translocation                1


   Skills:
 - Level 1.5 Dodging
 - Level 1.5 Stealth
 + Level 5.4 Spellcasting
 + Level 6.7 Necromancy


You had 8 spell levels left.
You knew the following spells:

 Your Spells              Type           Power        Failure   Level  Hunger
a - Pain                  Necr           ####         1%          1    N/A
b - Vampiric Draining     Necr           ####......   2%          3    N/A
c - Control Undead        Necr           ####......   10%         4    N/A

Dungeon Overview and Level Annotations

Branches:
Dungeon (4/15)
 Temple: D:4-7

Altars:
Nemelex Xobeh

Annotations:
D:3 Grinder; Sigmund; crawlian's ghost, amateur DEFE


Innate Abilities, Weirdness & Mutations

You do not eat or drink.
Your flesh is vulnerable to fire.
You are immune to poison.
Your flesh is cold resistant. (rC+)
You are immune to negative energy. (rN+++)
You are immune to unholy pain and torment.
You can survive without breathing.


Message History

The orc priest invokes the aid of Beogh against you.
Beogh smites you!
Casting: Pain
Confirm with . or Enter, or press ? or * to list all spells.
Aiming: Pain
Press: ? - help, Shift-Dir - straight line, f - orc priest
Aim: an orc priest, wielding a club, wearing a ring mail and wearing a shield (chance to defeat MR: 84%)
The orc priest writhes in agony!
The centaur shouts!
The centaur shoots an arrow.
The arrow hits you but does no damage.
Casting: Pain
Confirm with . or Enter, or press ? or * to list all spells.
Aiming: Pain
Press: ? - help, Shift-Dir - straight line, f/p - orc priest
Aim: an orc priest, wielding a club, wearing a ring mail and wearing a shield (moderately wounded, chance to defeat MR: 84%)
The orc priest barely resists.
The centaur shoots an arrow.
The arrow hits you!
The centaur shoots an arrow.
The arrow hits you!
* * * LOW HITPOINT WARNING * * *
The centaur shoots an arrow.
The arrow hits you!
You die...

#........# #...[....# #........#
#........# ###### #........###
.....# #....o...#.# .....#
#.......<#.# .....# #..(.(...#.#
#### .....#### ###.@.#####.# #.<.
........#####..(#.# ##.### #...
.....##........##.####....# #...
.......####..#....c.#.....####...
.....#......#####.#...[.....##...
.....####..........#.##.(...##)#.
.########..######.....#..#....†..
.## ##...######..#.###..##...##.
..## #..#####....##.###..##....##


You could see a centaur and an orc priest.

Vanquished Creatures
  A sky beast (D:4)
  A scorpion (D:4)
  A howler monkey (D:4)
  2 hounds (D:4)
  2 orc priests (D:4)
  3 orc wizards (D:4)
  4 worker ants
  A hound skeleton (D:4)
  2 adders
  2 oozes
  A worm (D:2)
  2 dart slugs
  A leopard gecko (D:3)
  14 orcs
  5 bats (D:1)
  3 giant cockroaches
  6 goblins
  5 hobgoblins
  2 jackals (D:1)
  6 frilled lizards
  12 kobolds
  11 rats
87 creatures vanquished.

Notes
Turn   | Place    | Note
-------+----------+-------------------------------------------
     0 | D:1      | Alarkh the Mummy Necromancer began the quest for the Orb.
     0 | D:1      | Reached XP level 1. HP: 13/13 MP: 3/3
   177 | D:1      | Reached XP level 2. HP: 13/19 MP: 1/5
   544 | D:1      | You fall through a shaft!
   548 | D:2      | Found a sparkling altar of Nemelex Xobeh.
   642 | D:1      | Reached XP level 3. HP: 24/24 MP: 5/7
  1185 | D:3      | Reached XP level 4. HP: 14/30 MP: 1/8
  1342 | D:3      | Noticed crawlian's ghost (amateur DEFE)
  1401 | D:3      | Noticed Grinder
  1405 | D:3      | Noticed Sigmund
  1406 | D:3      | Paralysed by Grinder for 4 turns
  1516 | D:3      | Reached skill level 5 in Necromancy
  2258 | D:4      | Reached XP level 5. HP: 32/35 MP: 4/10
  2377 | D:4      | Learned a level 3 spell: Vampiric Draining
  2382 | D:4      | Learned a level 4 spell: Control Undead
  2718 | D:4      | Noticed a centaur
  2929 | D:4      | Reached XP level 6. HP: 33/41 MP: 9/12
  3055 | D:4      | HP: 1/41 [centaur/arrow (11)]
  3057 | D:3      | Reached skill level 6 in Necromancy
  3696 | D:4      | Noticed a sky beast
  3710 | D:4      | HP: 1/41 [something (5)]
  3730 | D:4      | Killed a sky beast
  3730 | D:4      | Reached skill level 5 in Spellcasting
  4048 | D:4      | Reached XP level 7. HP: 46/46 MP: 7/14
  4246 | D:4      | Shot with an arrow by a centaur

Vault maps used:
D:1:      grunt_arrival_crossed_arrows
D:2:      nemelex_spade_bored_becter
D:3:      uniq_sigmund, uniq_grinder

Skill      XL: |  1  2  3  4  5  6 |
---------------+-------------------+-----
Spellcasting   | 3 4 5 |  5.4
Necromancy     | 5 6 |  6.7
Dodging        | |  1.5
Stealth        | |  1.5

Action                   |  1- 3 |  4- 6 |  7- 9 || total
-------------------------+-------+-------+-------++-------
Melee: Unarmed           |    17 |       |       ||    17
       Spear             |    10 |       |       ||    10
       Dagger            |     8 |    17 |     1 ||    26
 Cast: Pain              |    66 |   113 |    19 ||   198
       Vampiric Draining |       |     8 |       ||     8
  Use: Scroll            |     1 |     2 |     1 ||     4
 Stab: Sleeping          |     3 |       |       ||     3
Armor: Robe              |     7 |     7 |     2 ||    16
Dodge: Dodged            |    29 |    42 |     4 ||    75
